 Dungeon Crawl Stone Soup version 0.24.0-125-gc4c63601f3 (webtiles) character file.

Game seed: 9001166888736735194, levelgen mode: deterministic

201 Jerry the Shield-Bearer (level 5, -6/28 HPs)
             Began as a Vine Stalker Fighter on Feb 27, 2020.
             Killed by divine providence
             ... invoked by an orc priest
              (11 damage)
             ... on level 4 of the Dungeon.
             The game lasted 00:09:52 (2905 turns).

Jerry the Shield-Bearer (Vine Stalker Fighter)      Turns: 2905, Time: 00:09:52

Health: -6/28      AC:  6    Str: 25    XL:     5   Next: 79%
Magic:  0/6        EV:  9    Int:  8    God:
Gold:   113        SH:  0    Dex: 13    Spells: 4/4 levels left

rFire    . . .     SeeInvis .   a - +0 flail
rCold    . . .     Gourm    .   (no shield)
rNeg     . . .     Faith    .   b - +0 scale mail
rPois    .         Spirit   +   (no helmet)
rElec    .         Reflect  .   (no cloak)
rCorr    .         Harm     .   (no gloves)
MR       .....                  (no boots)
Stlth    ++........             k - amulet of regeneration
HPRegen  0.89/turn              t - ring of stealth
MPRegen  0.10/turn              (no ring)

@: mighty
A: fangs 2, regeneration 1, magic shield, antimagic bite, no potion heal 3, rot
immunity
a: no special abilities


You were on level 4 of the Dungeon.
You were not hungry.

You visited 1 branch of the dungeon, and saw 4 of its levels.

You collected 113 gold pieces.

Inventory:

Hand Weapons
 a - a +0 flail (weapon)
 n - a +0 whip
Armour
 b - a +0 scale mail (worn)
 j - a +0 buckler
Jewellery
 k - an amulet of regeneration (around neck)
 t - a ring of stealth (left hand)
 u - an uncursed ring of ice
Scrolls
 e - a scroll of remove curse {unknown}
 g - 4 scrolls of identify
 h - 3 scrolls of enchant armour {unknown}
 i - 2 scrolls of teleportation {unknown}
 o - a scroll of fear {unknown}
 p - a scroll of amnesia {unknown}
 q - a scroll of fog {unknown}
Potions
 l - a potion of curing {unknown}
 m - 2 potions of degeneration {unknown}
 s - a potion of heal wounds {unknown}
Comestibles
 f - 10 chunks of flesh
 r - a ration


   Skills:
 + Level 3.2 Fighting
 * Level 3.3 Maces & Flails
 + Level 2.9 Armour
 + Level 2.3 Stealth
 * Level 3.6 Shields


You had 4 spell levels left.
You didn't know any spells.
Your spell library was empty.

Dungeon Overview and Level Annotations

Branches:
Dungeon (4/15)
 Temple: D:4-7

Altars:


Innate Abilities, Weirdness & Mutations

You have extremely sharp teeth.
Your natural rate of healing is unusually fast.
When hurt, damage is shared between your health and your magic reserves.
Your bite disrupts and absorbs the magic of your enemies.
Potions cannot restore your health.
You are immune to rotting.


Message History

The gnoll is almost dead.
The orc priest invokes the aid of Beogh against something.
Beogh smites you! The gnoll barely misses you.
You are too injured to fight recklessly!
You are too injured to fight recklessly!
You are too injured to fight recklessly!
You hit the gnoll.
You kill the gnoll!
The orc priest mumbles some strange prayers to Beogh against something.
Beogh smites you!
* * * LOW HITPOINT WARNING * * *
The orc hits you with a +0 short sword.
* * * LOW HITPOINT WARNING * * *
You feel very mighty all of a sudden. The orc hits you but does no damage.
You sock the orc!
You kill the orc!
The orc priest invokes the aid of Beogh against something.
Beogh smites you!
You die...

#..........####...
#...g.gg..## #..
#'##......# #.
##.######.## .
##...## #.#
#.##.....## ..#
#.....8...+...#
#####..)#######
#.@.# #.<.# #...#
#.#####...###
#......8...+
#..##..o..## #
##...## ##.## #.#


You could see an orc priest.

Vanquished Creatures
  A hound (D:3)
  Jessica (D:3)
  4 gnolls
  4 adders
  3 worms (D:3)
  2 dart slugs
  2 leopard geckos
  4 orcs
  4 goblins
  8 hobgoblins
  3 jackals (D:3)
  5 kobolds
  2 quokkas
  6 bats
  2 frilled lizards (D:3)
  3 rats
54 creatures vanquished.

Notes
Turn   | Place    | Note
-------+----------+-------------------------------------------
     0 | D:1      | Jerry the Vine Stalker Fighter began the quest for the Orb.
     0 | D:1      | Reached XP level 1. HP: 11/11 MP: 2/2
    69 | D:1      | Reached XP level 2. HP: 11/16 MP: 1/3
   535 | D:1      | Reached skill level 1 in Stealth
  1101 | D:3      | Reached XP level 3. HP: 9/19 MP: 2/4
  1462 | D:3      | Gained mutation: Your natural rate of healing is unusually
                  | fast. [Vine Stalker growth]
  1462 | D:3      | Reached XP level 4. HP: 16/24 MP: 1/5
  1607 | D:3      | Noticed Jessica
  1618 | D:3      | Killed Jessica
  1751 | D:3      | Reached XP level 5. HP: 28/28 MP: 6/6
  2905 | D:4      | Killed from afar by an orc priest

Levels and vault maps discovered:
D:1:      dpeg_arrival_arbitrary_b, layout_loops_ring
D:2:      layout_basic
D:3:      layout_basic, uniq_jessica
D:4:      layout_layer_cave, overflow_temple_1_default, tso_oasis_becter,
          ebering_ghost_disaster_area, minmay_misc_feat_ornament,
          grunt_ministairs_15, uniq_eustachio, uniq_pikel

Skill      XL: |  1  2  3  4  5 |
---------------+----------------+-----
Maces & Flails | 2 3 |  3.3
Stealth        | 1 2 |  2.3
Fighting       | 3 |  3.2
Shields        | 3 |  3.6
Armour         | |  2.9

Action                   |  1- 3 |  4- 6 || total
-------------------------+-------+-------++-------
Melee: Flail             |    57 |   124 ||   181
       Bite              |    20 |    33 ||    53
  Use: Potion            |     2 |     1 ||     3
       Scroll            |       |     1 ||     1
  Eat: Ration            |     1 |       ||     1
       Chunk             |       |     3 ||     3
Armor: Scale mail        |    20 |    59 ||    79
Dodge: Dodged            |    45 |    79 ||   124
